 Dungeon Crawl Stone Soup version 0.26.1-11-gd32895ea62 (webtiles) character file.

Game seed: 2211684669467416238

124 buriedalive the Chiller (level 4, -11/24 HPs)
             Began as a Deep Elf Ice Elementalist on May 25, 2021.
             Mangled by an ogre
             ... wielding a +0 giant spiked club
              (27 damage)
             ... on level 4 of the Dungeon.
             The game lasted 00:05:11 (4561 turns).

buriedalive the Chiller (Deep Elf Ice Elementalist) Turns: 4561, Time: 00:05:12

Health: -11/24     AC:  4    Str:  5    XL:     4   Next: 81%
Magic:  5/10       EV: 13    Int: 21    God:
Gold:   89         SH:  0    Dex: 15    Spells: 2/9 levels left

rFire    . . .     SeeInvis .   r - +2 dagger (venom)
rCold    . . .     Faith    .   (no shield)
rNeg     . . .     Spirit   .   f - +0 leather armour
rPois    .         Reflect  .   u - +0 helmet
rElec    .         Harm     .   (no cloak)
rCorr    .         Rampage  .   (no gloves)
Will     .....                  (no boots)
Stlth    ++........             (no amulet)
HPRegen  0.08/turn              (no ring)
MPRegen  0.12/turn              (no ring)

@: frozen ramparts, very slightly contaminated
A: no striking features
a: no special abilities


You were on level 4 of the Dungeon.
You visited 1 branch of the dungeon, and saw 4 of its levels.

You collected 89 gold pieces.

Inventory:

Hand Weapons
 c - a +0 dagger
 q - a +1 dagger of draining
 r - a +2 dagger of venom (weapon)
Missiles
 d - 176 stones
 m - 15 poisoned darts
 o - 8 datura-tipped darts
Armour
 a - a +0 robe
 f - a +0 leather armour (worn)
 u - a +0 helmet (worn)
Jewellery
 v - an uncursed amulet of the acrobat {unknown}
Wands
 s - a wand of digging (6)
Scrolls
 b - a scroll of immolation {unknown}
 h - a scroll of enchant weapon {unknown}
 j - 2 scrolls of remove curse {unknown}
 n - 2 scrolls of enchant armour {unknown}
 t - a scroll of noise {unknown}
 w - a scroll of blinking {unknown}
Potions
 e - 2 potions of might {unknown}
 g - 3 potions of degeneration {unknown}
 i - 2 potions of heal wounds {unknown}
 k - 5 potions of curing {unknown}
 l - 4 potions of flight {unknown}
 p - a potion of attraction {unknown}


   Skills:
 + Level 4.6 Dodging
 - Level 2.4 Stealth
 - Level 3.0 Spellcasting
 + Level 5.7 Ice Magic


You had 2 spell levels left.
You knew the following spells:

 Your Spells              Type           Power        Failure   Level
a - Freeze                Ice            100%         1%          1
b - Frozen Ramparts       Ice            54%          6%          3
c - Ozocubu's Armour      Ice            27%          6%          3

Your spell library contained the following spells:

 Spells                   Type           Power        Failure   Level
 Confusing Touch          Hex            3%           54%         3
 Gell's Gravitas          Tloc           1%           54%         3
 Hailstorm                Conj/Ice       15%          56%         4
 Summon Ice Beast         Ice/Summ       15%          56%         4
 Metabolic Englaciation   Hex/Ice        7%           88%         5
 Petrify                  Tmut/Erth      3%           91%         4
 Yara's Violent Unravell  Hex/Tmut       1%           99%         5


Dungeon Overview and Level Annotations

Branches:
Dungeon (4/15)
 Temple: D:4-7

Altars:
Dithmenos
Gozag
Okawaru


Message History

Casting: Freeze (safe; 1% risk of failure)
Confirm with . or Enter, or press ? or * to list all spells.
Aiming: Freeze (safe; 1% risk of failure)
Press: ? - help, Shift-Dir - straight line, f - orc, p - ogre
Aim: an orc, wielding a +0 club and wearing a +0 chain mail You freeze the orc.
The orc is heavily wounded.
The wall freezes the orc.
The orc hits you but does no damage.
The wall freezes the ogre.
The ogre barely misses you.
You hit the leopard gecko skeleton.
The leopard gecko skeleton is moderately damaged.
The leopard gecko skeleton bites you.
The wall freezes the orc!
You kill the orc!
Unknown command.
You hit the leopard gecko skeleton.
You destroy the leopard gecko skeleton!
The wall freezes the ogre.
The ogre hits you with a +0 giant spiked club!!
Ouch! That really hurt!
You die...

8...###...8
...$.....
...>... .....
##.8.##
###.....###
##....<....###
#......(O)....#
+.8...###@..8.+
#...## ###...#
##. +## .. #


You could see an ogre (poisoned).

Vanquished Creatures
  Terence (D:3)
  Robin (D:3)
  An adder (D:2)
  2 worms (D:3)
  A dart slug (D:1)
  5 leopard geckos
  3 orcs
  6 bats
  2 giant cockroaches (D:3)
  13 goblins
  8 hobgoblins
  A quokka (D:3)
  3 frilled lizards
  9 kobolds
  A leopard gecko skeleton (D:4)
  4 rats
61 creatures vanquished.

Notes
Turn   | Place    | Note
-------+----------+-------------------------------------------
     0 | D:1      | buriedalive the Deep Elf Ice Elementalist began the quest
                  | for the Orb.
     0 | D:1      | Reached XP level 1. HP: 10/10 MP: 6/6
   386 | D:1      | Reached XP level 2. HP: 5/15 MP: 5/8
  1241 | D:1      | Reached skill level 5 in Ice Magic
  1243 | D:1      | Reached XP level 3. HP: 14/19 MP: 5/9
  1958 | D:2      | Found an iron altar of Okawaru.
  2790 | D:3      | Noticed Terence
  2800 | D:3      | Killed Terence
  2801 | D:3      | Reached XP level 4. HP: 23/24 MP: 5/10
  2941 | D:3      | Learned a level 3 spell: Frozen Ramparts
  2945 | D:3      | Learned a level 3 spell: Ozocubu's Armour
  3944 | D:3      | Found an opulent altar of Gozag.
  4424 | D:3      | Noticed Robin
  4439 | D:3      | Killed Robin
  4512 | D:2      | Found a shadowy altar of Dithmenos.
  4550 | D:4      | Noticed an ogre
  4561 | D:4      | Mangled by an ogre

Illustrated notes

Levels and vault maps discovered:
D:1:      tarquinn_simple_flora_water_d, layout_basic
D:2:      lemuel_upstairs_altar, layout_basic, okawaru_ov_weapons_minmay
D:3:      layout_basic, lemuel_round_altar, uniq_terence, uniq_robin
D:4:      layout_loops_ring, lemuel_doored_altar, serial_shops, shop,
          chequers_serial_rivers_large_a, grunt_ministairs_13,
          minmay_pentomino_pile

Skill      XL: |  1  2  3 |
---------------+----------+-----
Dodging        | 3 4 |  4.6
Ice Magic      | 5 |  5.7
Stealth        | |  2.4
Spellcasting   | |  3.0

Action                   |  1- 3 |  4- 6 || total
-------------------------+-------+-------++-------
Melee: Unarmed           |     4 |       ||     4
       Dagger            |    46 |    52 ||    98
 Cast: Freeze            |    38 |    14 ||    52
       Frozen Ramparts   |       |     2 ||     2
 Stab: Sleeping          |     1 |     2 ||     3
       Distracted        |       |     1 ||     1
Armor: Robe              |     1 |       ||     1
       Leather armour    |    17 |    15 ||    32
Dodge: Dodged            |    65 |    42 ||   107
